 Dungeon Crawl Stone Soup version 0.29-a0-1043-g569b05d6ff (webtiles) character file.

Game seed: 11140246434468810502

10 Zeldest the Sneak (level 2, 0/26 HPs)
             Began as a Meteoran Delver on Aug 16, 2022.
             Succumbed to an adder's poison
             ... on level 5 of the Dungeon.
             The game lasted 00:00:35 (64 turns).

Zeldest the Sneak (Meteoran Delver)                   Turns: 64, Time: 00:00:35

Health: 0/26       AC:  4    Str: 13    XL:     2   Next: 47%
Magic:  3/3        EV: 12    Int: 11    God:
Gold:   0          SH:  0    Dex: 15    Spells: 1/1 levels left

rFire   . . .      SeeInvis .   a - +0 hand axe
rCold   . . .      Faith    .   (no shield)
rNeg    . . .      Spirit   .   b - +0 leather armour
rPois   .          Reflect  .   h - +0 helmet
rElec   .          Harm     .   (no cloak)
rCorr   .          Rampage  .   (no gloves)
Will    .....                   (no boots)
Stlth   +.........              (no amulet)
HPRegen 0.08/turn               (no ring)
MPRegen 0.08/turn               (no ring)

@: lethally poisoned (0 -> -11), hasted, glowing, very quick
A: sense surroundings 1, otherworldly, glowing, explore regen
a: no special abilities


You were on level 5 of the Dungeon.
You visited 1 branch of the dungeon, and saw 1 of its levels.

Inventory:

Hand Weapons
 a - a +0 hand axe (weapon)
Armour
 b - a +0 leather armour (worn)
 h - a +0 helmet (worn)
Wands
 g - a wand of digging (3)
Scrolls
 c - a scroll of fog
 d - a scroll of enchant weapon {unknown}
 e - a scroll of fear
 i - a scroll of brand weapon {unknown}


   Skills:
 + Level 3.4 Fighting
 * Level 3.0 Axes
 + Level 0.9 Armour
 - Level 2.4 Dodging
 - Level 3.7 Stealth


You had one spell level left.
You didn't know any spells.
Your spell library was empty.

Dungeon Overview and Level Annotations

Branches:
Dungeon (5/15) Zot: 537
 Temple: D:4-7

Altars:

Portals:
Sewer: D:5


Innate Abilities, Weirdness & Mutations

You passively map a small area around you.
You are easily found by Zot.
You glow in the dark.
You regain HP and MP as you explore.


Message History

You hit the adder.
The adder is almost dead.
You feel sick. The adder misses you.
You hit the adder.
You kill the adder!
You feel sick.
Your Axes skill increases to level 3!
You have reached level 2!
You hit the giant cockroach but do no damage.
You feel sick.
The giant cockroach completely misses you.
You hit the giant cockroach.
You kill the giant cockroach!
The adder barely misses you.
You closely miss the adder.
You feel sick. The adder bites you.
You are more poisoned.
The adder poisons you!
You hit the adder.
The adder is moderately wounded.
You feel sick. The adder bites you.
You are lethally poisoned!
The adder poisons you!
You hit the adder.
The adder is heavily wounded.
You feel sick. The adder closely misses you.
You hit the adder.
The adder is almost dead.
* * * LOW HITPOINT WARNING * * *
You feel sick. The adder bites you.
* * * LOW HITPOINT WARNING * * *
You closely miss the adder.
The adder is almost dead.
* * * LOW HITPOINT WARNING * * *
You feel sick. The adder bites you.
* * * LOW HITPOINT WARNING * * *
You are more poisoned.
The adder poisons you!
You hit the adder.
You kill the adder!
You die...

,,,,,,,,,,***
#.................
,,,,,,,,,,***
##.........<.......
*,,,,,,,,,,,*
#..................
*****,,,,,,,*
#.....##...........
,,,,,,,,,,,,*
#..................
,,,,,,,,,,,,*
#..................
,,,,,,,,,,,,*
#................)#
,,,,,,,,,,,,*
#..#######........#
,,,,,,,,,,,,*
#.@#B~~~~#........#
*****,,,,,,,*
#..'B~∩~~#....#####
,,,*****,,,,*
#..#B~~~~#....#
**,* *,,,,*
#..#######....# *,*
*,,,,*
#.............# *,*
*,,,,*
#.####.#..#####**
*,* ******
#.****....,,,,,,*
*,*
#.,,,,,..,*****,*
*,* *********** *,*


You could see 3 giant cockroaches.

Vanquished Creatures
  2 adders (D:5)
  A giant cockroach (D:5)
3 creatures vanquished.

Notes
Turn   | Place    | Note
-------+----------+-------------------------------------------
     0 | D:5      | Zeldest the Meteoran Delver began the quest for the Orb.
     0 | D:5      | Reached XP level 1. HP: 19/19 MP: 2/2
    38 | D:5      | Found a glowing drain.
    57 | D:5      | Reached XP level 2. HP: 16/26 MP: 3/3
    64 | D:5      | Succumbed to an adder's poison

Illustrated notes

Levels and vault maps discovered:
D:5:      layout_basic, okawaru_metal_pillars_1_2, gup_sewer_entry_glass,
          uniq_blork_the_orc

Skill      XL: |  1 |
---------------+----+-----
Axes           | 3 |  3.0
Fighting       | |  3.4
Armour         | |  0.9
Dodging        | |  2.4
Stealth        | |  3.7

Action                   || total
-------------------------++-------
Melee: Hand axe          ||    11
  Use: Scroll            ||     1
       Potion            ||     1
Armor: Leather armour    ||     1
Dodge: Dodged            ||     5

Table legend: (Time is in decaauts)
 A = Elapsed time spent in this place.
 B = Non-inter-level travel time spent in this place.
 C = Inter-level travel time spent in this place.
 D = Time resting spent in this place.
 E = Time spent auto-exploring this place.
 F = Levels seen in this place.
 G = Mean time per level.
                   A        B        C        D        E       F      G
               +--------+--------+--------+--------+--------+-----+--------+
         Total |     62 |     62 |      0 |      0 |      0 |   1 |   62.0 |
       Dungeon |     62 |     62 |      0 |      0 |      0 |   1 |   62.0 |
               +--------+--------+--------+--------+--------+-----+--------+

Top non-repeatable levels by time:
     D:5: 62 daAuts
